 Dungeon Crawl Stone Soup version 0.29.1-4-g47bece8355 (webtiles) character file.

Game seed: 9121898560358071540

6 venomsnake the Trooper (level 1, -1/20 HPs)
             Began as a Minotaur Berserker on Dec 9, 2022.
             Was a Follower of Trog.
             Slain by a kobold
             ... wielding a +0 whip
              (4 damage)
             ... on level 1 of the Dungeon.
             The game lasted 00:00:37 (148 turns).

venomsnake the Trooper (Minotaur Berserker)          Turns: 148, Time: 00:00:37

Health: -1/20      AC:  2    Str: 21    XL:     1   Next: 75%
Magic:  0/0        EV: 12    Int:  4    God:    Trog [*.....]
Gold:   27         SH:  0    Dex:  9    Spells: 0/0 levels left

rFire   . . .      SeeInvis .   a - +0 falchion
rCold   . . .      Faith    .   (no shield)
rNeg    . . .      Spirit   .   b - +0 animal skin
rPois   .          Reflect  .   (helmet restricted)
rElec   .          Harm     .   (no cloak)
rCorr   .          Rampage  .   (no gloves)
Will    .....                   (no boots)
Stlth   +.........              (no amulet)
HPRegen 0.06/turn               (no ring)
MPRegen 0.07/turn               (no ring)

@: no status effects
A: horns 2, retaliatory headbutt
a: Renounce Religion, Berserk


You were on level 1 of the Dungeon.
You worshipped Trog.
Trog was aware of your devotion.
You visited 1 branch of the dungeon, and saw 1 of its levels.

You collected 27 gold pieces.

Inventory:

Hand Weapons
 a - a +0 falchion (weapon)
Armour
 b - a +0 animal skin (worn)
Scrolls
 c - a scroll of identify {unknown}
 d - a scroll of fear {unknown}


   Skills:
 + Level 3.8 Fighting
 + Level 3.7 Long Blades
 + Level 2.6 Armour
 + Level 2.3 Dodging


You couldn't memorise any spells.
You didn't know any spells.
Your spell library was empty.

Dungeon Overview and Level Annotations

Branches:
Dungeon (1/15)

Altars:


Innate Abilities, Weirdness & Mutations

You have a pair of horns on your head.
You reflexively headbutt those who attack you in melee.


Message History

You see here a ball python corpse.
A kobold comes into view. It is wielding a +0 whip.
Found 7 gold pieces.
A kobold is nearby!
A rat comes into view.
Found a stone staircase leading down.
A frilled lizard comes into view.
Found 12 gold pieces.
Found a stone staircase leading down.
The kobold throws a stone.
The stone misses you.
Found a book of Misfortune.
The frilled lizard hisses angrily.
You barely miss the kobold. The kobold misses you. You furiously retaliate!
You headbutt the kobold. The rat bites you. The kobold hits you with a +0 whip.
The rat barely misses you. You furiously retaliate!
You headbutt the rat. The kobold closely misses you.
The rat closely misses you. You furiously retaliate!
You headbutt the rat!
You kill the rat!
Trog accepts your kill. The kobold misses you.
The frilled lizard bites you but does no damage.
The kobold hits you with a +0 whip. The frilled lizard barely misses you.
The kobold hits you with a +0 whip. The frilled lizard bites you.
The kobold hits you with a +0 whip.
* * * LOW HITPOINT WARNING * * *
The frilled lizard bites you but does no damage.
The kobold hits you with a +0 whip.
* * * LOW HITPOINT WARNING * * *
The frilled lizard closely misses you. You furiously retaliate!
You headbutt the frilled lizard!
You kill the frilled lizard!
Trog accepts your kill. The kobold closely misses you. You furiously retaliate!
You headbutt the kobold, but do no damage.
The kobold misses you. The kobold hits you with a +0 whip.
* * * LOW HITPOINT WARNING * * *
The kobold barely misses you. The kobold hits you with a +0 whip.
You die...

...###.................
.#.........#......#####
..........###...###
.#.## ###.....### ....
.####..######## ## ..
........†......##...
....#####...........
###.....$...........
##.......@K......
####............
#............
#.....!......
#.$.........:
##........>>.
##.$...##... #######
...


You could see a kobold.

Vanquished Creatures
  2 ball pythons (D:1)
  A bat (D:1)
  A frilled lizard (D:1)
  2 rats (D:1)
6 creatures vanquished.

Notes
Turn   | Place    | Note
-------+----------+-------------------------------------------
     0 | D:1      | venomsnake the Minotaur Berserker began the quest for the
                  | Orb.
     0 | D:1      | Reached XP level 1. HP: 19/19 MP: 0/0
   148 | D:1      | Slain by a kobold

Illustrated notes

Levels and vault maps discovered:
D:1:      spicycebolla_green_bress_n_ham, layout_rooms

Action                   || total
-------------------------++-------
Melee: Falchion          ||     5
       Headbutt          ||     2
Armor: Animal skin       ||     4
Dodge: Dodged            ||    16
